 Dungeon Crawl Stone Soup version 0.29-a0-96-g93358da72b (webtiles) character file.

Game seed: 8431524743703881326

1253 enile the Skirmisher (level 8, -5/51 HPs)
             Began as a Tengu Wanderer on Feb 11, 2022.
             Was a Follower of the Shining One.
             Slain by an ogre (30 damage)
             ... on level 4 of the Dungeon.
             The game lasted 00:12:17 (3769 turns).

enile the Skirmisher (Tengu Wanderer)               Turns: 3769, Time: 00:12:18

Health: -5/51      AC:  7    Str:  9    XL:     8   Next: 51%
Magic:  12/12      EV: 12    Int: 16    God:    the Shining One [*.....]
Gold:   161        SH:  0    Dex: 24    Spells: 8/9 levels left

rFire   . . .      SeeInvis .   p - +8 long sword "Iser" {holy, Str-4 Dex+4 Stlth+}
rCold   . . .      Faith    .   (no shield)
rNeg    . . .      Spirit   .   b - +0 scale mail
rPois   .          Reflect  .   (helmet restricted)
rElec   .          Harm     .   (no cloak)
rCorr   .          Rampage  .   (no gloves)
Will    +....                   (boots unavailable)
Stlth   +.........              i - amulet of regeneration
HPRegen 0.97/turn               k - +6 ring of dexterity
MPRegen 0.13/turn               q - ring of willpower

@: flying quickly and evasively, glowing, quick
A: beak, talons 3, nimble flight, agile 1, wild magic 1
a: Renounce Religion, Divine Shield


You were on level 4 of the Dungeon.
You worshipped the Shining One.
The Shining One was aware of your devotion.
You visited 1 branch of the dungeon, and saw 5 of its levels.
You also visited: Sewer.

You collected 161 gold pieces.

Inventory:

Hand Weapons
 a - a +3 spear
 p - the +8 long sword "Iser" (weapon) {holy, Str-4 Dex+4 Stlth+}
   (You found it on level 4 of the Dungeon)

   It has been blessed by the Shining One to cause great damage to the undead
   and demons.
   Str:       It affects your strength (-4).
   Dex:       It affects your dexterity (+4).
   Stlth:     It makes you more stealthy.
Armour
 b - a +0 scale mail (worn)
 s - a +2 robe of cold resistance
Jewellery
 i - an amulet of regeneration (around neck)
 k - a +6 ring of dexterity (left hand)
 q - a ring of willpower (right hand)
Scrolls
 c - a scroll of identify
 d - a scroll of fear
 e - a scroll of teleportation
 f - a scroll of magic mapping
 m - a scroll of amnesia
 n - a scroll of blinking
 o - a scroll of enchant weapon
 r - a scroll of noise {unknown}
Potions
 g - a potion of haste
 h - 2 potions of might {unknown}
 j - a potion of degeneration {unknown}
 l - 3 potions of mutation


   Skills:
 + Level 6.1 Fighting
 - Level 2.0 Long Blades
 - Level 5.5 Polearms
 - Level 4.0 Armour
 - Level 4.0 Dodging
 - Level 3.0 Stealth
 - Level 1.0 Spellcasting
 - Level 2.0 Summonings
 - Level 4.0 Invocations


You had 8 spell levels left.
You knew the following spells:

 Your Spells              Type           Power      Damage    Failure   Level
a - Summon Small Mammal   Summ           36%        N/A       65%         1

Your spell library contained the following spells:

 Spells                   Type           Power      Damage    Failure   Level
 Summon Guardian Golem    Hex/Summ       5%         N/A       98%         3
 Gell's Gravitas          Tloc           1%         N/A       99%         3
 Lesser Beckoning         Tloc           1%         N/A       99%         3
 Teleport Other           Tloc           1%         N/A       99%         3


Dungeon Overview and Level Annotations

Branches:
Dungeon (5/15)              Sewer (visited)
 Temple: D:4-7

Altars:
Elyvilon
Makhleb
Sif Muna
The Shining One

Shops:
D:5 *


Innate Abilities, Weirdness & Mutations

You have a beak for a mouth.
You have claws for feet.
Your magical nature lets you fly swiftly and evasively.
You are agile. (Dex +2)
Your spells are a little harder to cast, but a little more powerful.


Message History

You slash the gnoll!
The gnoll is heavily wounded.
The gnoll hits you with a +0 whip. The gnoll hits you with a +0 flail.
The ogre barely misses you.
You can't go down here!
The gnoll hits you but does no damage. The gnoll misses you.
You fly upwards.
There is a stone staircase leading down here.
You slash the gnoll!
You kill the gnoll!
The gnoll hits you but does no damage.
You see here a +0 whip.
Casting: Summon Small Mammal (safe; 65% risk of failure)
Confirm with . or Enter, or press ? or * to list all spells.
You miscast Summon Small Mammal.
You are very lightly contaminated with residual magic.
Nothing appears to happen.
The gnoll hits you with a +0 flail!
You hit the gnoll. You peck the gnoll, but do no damage.
The gnoll is moderately wounded.
The gnoll barely misses you. The gnoll closely misses you.
You hit the gnoll. You claw the gnoll.
The gnoll is severely wounded.
The gnoll hits you but does no damage.
You hit the gnoll.
You kill the gnoll!
You hit the ogre but do no damage. You claw the ogre, but do no damage.
The ogre barely misses you.
You hit the ogre. You claw the ogre. You peck the ogre.
The ogre is moderately wounded.
The ogre barely misses you.
Your magical contamination has completely faded away.
You hit the ogre.
The ogre is heavily wounded.
The ogre hits you with a +0 giant spiked club!!
Okay, then.
You hit the ogre. You claw the ogre. You peck the ogre.
The ogre is almost dead.
The ogre hits you with a +0 giant spiked club!!
Ouch! That really hurt!
You die...

############## ###########
##............#########..........
...##########...@O[.....#########
#### #.########### ####### #.#
#..<..# #.# ####.....# #.#
.........####.# #.............###
#.##............##
#.###########....#


You could see an ogre.

Vanquished Creatures
  Pikel (D:4)
  The ghost of cyrus the Charlatan, an amateur DsAr of Okawaru (D:3)
  A black bear (D:3)
  A necrophage (D:5)
  A bullfrog (Sewer)
  A scorpion (D:4)
  A gnoll shaman (D:4)
  A hound (D:4)
  2 iguanas (D:4)
  3 gnolls
  8 adders
  3 river rats (Sewer)
  An adder skeleton (D:4)
  3 orcs
  20 ball pythons
  10 bats
  8 endoplasms
  16 giant cockroaches
  4 goblins
  6 hobgoblins
  7 kobolds
  2 quokkas
  5 frilled lizards
  22 rats
128 creatures vanquished.

Notes
Turn   | Place    | Note
-------+----------+-------------------------------------------
     0 | D:1      | enile the Tengu Wanderer began the quest for the Orb.
     0 | D:1      | enile set off with the following items: a +2 spear, a +0
                  | scale mail; and the following spell memorised: Summon Small
                  | Mammal; and the following spells available to memorise:
                  | Summon Guardian Golem
     0 | D:1      | Reached XP level 1. HP: 10/10 MP: 3/3
   276 | D:1      | Reached skill level 1 in Fighting
   276 | D:1      | Reached XP level 2. HP: 10/16 MP: 4/4
   812 | D:1      | Reached skill level 2 in Fighting
  1083 | D:2      | Reached XP level 3. HP: 21/21 MP: 5/5
  1465 | D:2      | Reached XP level 4. HP: 27/27 MP: 6/6
  1588 | D:3      | Noticed cyrus's ghost (amateur DsAr)
  1596 | D:3      | Found a transporter.
  1713 | D:3      | Reached skill level 3 in Fighting
  1728 | D:3      | Found a glowing drain.
  1746 | Sewer    | Entered a sewer
  1876 | Sewer    | Reached skill level 1 in Stealth
  1898 | Sewer    | Gained mutation: Your magical nature lets you fly swiftly
                  | and evasively. [Tengu growth]
  1898 | Sewer    | Reached XP level 5. HP: 32/32 MP: 7/7
  2034 | Sewer    | Gained mutation: You are agile. (Dex +2) [potion of
                  | mutation]
  2034 | Sewer    | Gained mutation: Your spells are a little harder to cast,
                  | but a little more powerful. [potion of mutation]
  2072 | Sewer    | Reached skill level 4 in Fighting
  2181 | D:3      | Noticed a black bear
  2269 | D:3      | Reached XP level 6. HP: 38/38 MP: 8/8
  2319 | D:3      | Killed a black bear
  2351 | D:3      | Found a faded altar of an unknown god.
  2400 | D:3      | Prayed at the altar of an unknown god.
  2400 | D:3      | Became a worshipper of the Shining One
  2400 | D:3      | Reached * piety under the Shining One
  2512 | D:3      | Found a transporter.
  2798 | D:3      | Killed cyrus's ghost
  2799 | D:3      | Reached skill level 5 in Fighting
  2799 | D:3      | Reached XP level 7. HP: 44/44 MP: 9/9
  2994 | D:4      | Identified the +8 long sword "Iser" {holy, Str-4 Dex+4
                  | Stlth+}
  3045 | D:4      | Reached skill level 1 in Invocations
  3218 | D:4      | Noticed Pikel
  3238 | D:4      | Killed Pikel
  3239 | D:4      | Reached skill level 1 in Long Blades
  3239 | D:4      | Reached skill level 6 in Fighting
  3239 | D:4      | Reached XP level 8. HP: 22/51 MP: 6/11
  3450 | D:4      | Found a white marble altar of Elyvilon.
  3454 | D:4      | Found a shimmering blue altar of Sif Muna.
  3462 | D:4      | Found a burning altar of Makhleb.
  3682 | D:5      | Entered Level 5 of the Dungeon
  3700 | D:5      | Found Weaz's General Store.
  3769 | D:4      | Slain by an ogre

Illustrated notes

Levels and vault maps discovered:
D:1:      lemuel_arrival_rhombus, layout_loops_corners,
          nicolae_concentric_dashed_squares_mild, minmay_misc_feat_pillars
D:2:      minmay_roachtagon, layout_rooms
D:3:      layout_loops_cross, portal_sewer_entry_d, gammafunk_ghost_arena,
          ebering_ecumenical_altar_webs
D:4:      layout_loops_ring, grunt_temple_overflow_diamond,
          minmay_misc_feat_roman, uniq_pikel
D:5:      layout_cave_pools, serial_shops, shop_coins, uniq_prince_ribbit1

Skill      XL: |  1  2  3  4  5  6  7  8 |
---------------+-------------------------+-----
Fighting       | 1 2 3 4 5 6 |  6.1
Armour         | 3 4 |  4.0
Dodging        | 2 3 4 |  4.0
Stealth        | 1 2 3 |  3.0
Summonings     | 2 |  2.0
Invocations    | 3 4 |  4.0
Long Blades    | 2 |  2.0
Polearms       | |  5.5
Spellcasting   | |  1.0

Action                   |  1- 3 |  4- 6 |  7- 9 || total
-------------------------+-------+-------+-------++-------
Melee: Spear             |    88 |   179 |    28 ||   295
       Peck              |     9 |    25 |    15 ||    49
       Kick              |     9 |    41 |    27 ||    77
       Punch             |       |     3 |       ||     3
       Long sword        |       |       |    47 ||    47
 Cast: Summon Small Mamm |       |     1 |     2 ||     3
Invok: Divine Shield     |       |       |     1 ||     1
  Use: Scroll            |       |     6 |     2 ||     8
       Potion            |       |     3 |       ||     3
Armor: Scale mail        |    32 |    66 |    13 ||   111
Dodge: Dodged            |    22 |   115 |    30 ||   167
Block: Other             |       |       |     3 ||     3

Table legend: (Time is in decaauts)
 A = Elapsed time spent in this place.
 B = Non-inter-level travel time spent in this place.
 C = Inter-level travel time spent in this place.
 D = Time resting spent in this place.
 E = Time spent auto-exploring this place.
 F = Levels seen in this place.
 G = Mean time per level.
                   A        B        C        D        E       F      G
               +--------+--------+--------+--------+--------+-----+--------+
         Total |   3597 |   3410 |    187 |     28 |   2454 |   6 |  599.5 |
       Dungeon |   3233 |   3046 |    187 |     28 |   2323 |   5 |  646.6 |
         Sewer |    363 |    363 |      0 |      0 |    130 |   1 |  363.0 |
               +--------+--------+--------+--------+--------+-----+--------+

Top non-repeatable levels by time:
     D:1: 1072 daAuts
     D:4: 840 daAuts
     D:3: 782 daAuts
     D:2: 495 daAuts
   Sewer: 363 daAuts
     D:5: 42 daAuts
